 Dungeon Crawl Stone Soup version 0.31-a0-925-g0a390f2509 (webtiles) character file.

Game seed: 800336878444306555

296 pokeman the Magician (level 6, 0/34 HPs)
             Began as a Deep Elf Hedge Wizard on Oct 18, 2023.
             Slain by Crazy Yiuf
             ... wielding a +2 quarterstaff of chaos
              (12 damage)
             ... on level 3 of the Dungeon.
             The game lasted 00:05:35 (3227 turns).

pokeman the Magician (Deep Elf Hedge Wizard)        Turns: 3227, Time: 00:05:36

Health: 0/34       AC:  3    Str:  7    XL:     6   Next: 12%
Magic:  5/16       EV: 12    Int: 21    God:
Gold:   158        SH:  0    Dex: 14    Spells: 8/16 levels left

rFire   + . .        a - +0 dagger
rCold   . . .        (no shield)
rNeg    . . .        b - +0 robe
rPois   .            t - +0 helmet
rElec   .            (no cloak)
rCorr   .            (no gloves)
SInv    .            (no boots)
Will    .....        s - amulet of magic regeneration
Stlth   ++           n - ring of protection from fire
HPRegen 0.25/turn    o - ring of flight
MPRegen 0.55/turn

%: no passive effects
@: flying, very slightly contaminated, slowed, very slow
A: no striking features
a: no special abilities


You were on level 3 of the Dungeon.
You visited 1 branch of the dungeon, and saw 3 of its levels.

You collected 158 gold pieces.

Inventory:

Hand Weapons
 a - a +0 dagger (weapon)
Armour
 b - a +0 robe (worn)
 t - a +0 helmet (worn)
Magical Staves
 p - a staff of fire
Jewellery
 l - an amulet of guardian spirit
 n - a ring of protection from fire (left hand)
 o - a ring of flight (right hand)
 s - an amulet of magic regeneration (around neck)
Wands
 q - a wand of iceblast (11)
Scrolls
 e - 3 scrolls of identify {unknown}
 f - a scroll of silence {unknown}
 g - 2 scrolls of noise {unknown}
 h - 2 scrolls of enchant armour {unknown}
 i - a scroll of poison {unknown}
 j - a scroll of teleportation {unknown}
Potions
 c - 2 potions of mutation {unknown}
 d - a potion of magic
 k - a potion of curing {unknown}
 m - a potion of lignification {unknown}
 r - a potion of resistance {unknown}
 u - a potion of heal wounds {unknown}


   Skills:
 - Level 1.0 Fighting
 - Level 1.0 Armour
 - Level 2.4 Dodging
 - Level 2.4 Stealth
 * Level 5.6 Spellcasting
 + Level 5.2 Conjurations
 - Level 1.1 Summonings
 - Level 1.1 Translocations
 + Level 0.5 Fire Magic
 + Level 0.3 Air Magic
 + Level 0.6 Poison Magic
 + Level 0.4 Evocations


You had 8 spell levels left.
You knew the following spells:

 Your Spells              Type           Power      Damage    Failure   Level
a - Magic Dart            Conj           100%       1d8       1%          1
b - Mephitic Cloud        Conj/Pois/Air  14%        N/A       13%         3
c - Call Imp              Summ           20%        N/A       10%         2
d - Blink                 Tloc           20%        N/A       10%         2

Your spell library contained the following spells:

 Spells                   Type           Power      Damage    Failure   Level
 Slow                     Hex            20%        N/A       10%         1
 Cigotuvi's Dreadful Rot  Necr/Pois/Air  14%        N/A       13%         2


Dungeon Overview and Level Annotations

Branches:
Dungeon (3/15)

Altars:
Ashenzari
Hepliaklqana

Annotations:
D:3 Crazy Yiuf


Message History

You miscast Mephitic Cloud.
Nothing appears to happen.
Crazy Yiuf hits you with a +2 quarterstaff of chaos!
You feel yourself slow down.
Unknown command.
Casting: Mephitic Cloud (quite dangerous; 13% risk of failure)
Confirm with . or Enter, or press ? or * to list all spells.
Aiming: Mephitic Cloud (quite dangerous; 13% risk of failure)
Press: ? - help, Shift-Dir - straight line, f/p - Crazy Yiuf
Aim: Crazy Yiuf, wielding a +2 quarterstaff of chaos and wearing a +0 cloak (chance to affect: 86%)
You miscast Mephitic Cloud.
You feel incredibly sick.
You are poisoned.
You feel sick. Crazy Yiuf misses you.
Crazy Yiuf says, "Aardvark Orb Guardian infinity!"
Crazy Yiuf barely misses you.
Unknown command.
Casting: Mephitic Cloud (quite dangerous; 13% risk of failure)
Confirm with . or Enter, or press ? or * to list all spells.
Aiming: Mephitic Cloud (quite dangerous; 13% risk of failure)
Press: ? - help, Shift-Dir - straight line, f/p - Crazy Yiuf
Aim: Crazy Yiuf, wielding a +2 quarterstaff of chaos and wearing a +0 cloak (chance to affect: 86%)
The ball explodes into a vile cloud!
The stinking cloud engulfs Crazy Yiuf but does no damage.
The stinking cloud engulfs you but does no damage.
You feel sick.
Crazy Yiuf is engulfed in noxious fumes.
Crazy Yiuf appears confused.
Unknown command.
Unknown command.
Casting: Mephitic Cloud (quite dangerous; 13% risk of failure)
Confirm with . or Enter, or press ? or * to list all spells.
A tiny devil pulls itself out of the air.
You feel sick.
You are no longer poisoned.
Crazy Yiuf is engulfed in noxious fumes.
Crazy Yiuf appears confused.
Crazy Yiuf says, "Oh, this is rather nice."
Crazy Yiuf is engulfed in noxious fumes.
Crazy Yiuf appears confused.
Crazy Yiuf hits you with a +2 quarterstaff of chaos!
You die...

...##.#..##.#..#
...##.#..#######
...##.#..###
...........#
#####
....#.#..###
#).)#
..........#
#.).#
..#.#.#...# °°)
......#...# #g#
......#...# ♣♣@♣
....###...# ♣.♣♣
..#####...# ♣♣5♣
..........# ♣.♣♣
..#####...##
♣♣)♣♣
...........#
♣...♣♣
########..##
♣....♣ #..#
#....#
#..####....#


You could see Crazy Yiuf (confused, ally target) and a friendly cerulean imp
(summoned).

Vanquished Creatures
  Sigmund (D:3)
  A hound (D:3)
  Ijyb (D:3)
  An adder (D:3)
  2 dart slugs (D:1)
  2 endoplasms
  6 giant cockroaches
  4 hobgoblins
  7 jackals
  7 kobolds
  A quokka (D:2)
  6 ball pythons
  4 bats (D:1)
  5 frilled lizards
  3 goblins (D:1)
  7 rats
58 creatures vanquished.

Notes
Turn   | Place    | Note
-------+----------+-------------------------------------------
     0 | D:1      | pokeman the Deep Elf Hedge Wizard began the quest for the
                  | Orb.
     0 | D:1      | Reached XP level 1. HP: 10/10 MP: 7/7
   120 | D:1      | Found a faded altar of an unknown god.
   228 | D:1      | Reached XP level 2. HP: 15/15 MP: 7/9
   785 | D:1      | Reached skill level 5 in Spellcasting
  1164 | D:1      | Reached XP level 3. HP: 20/20 MP: 8/11
  1168 | D:1      | Learned a level 3 spell: Mephitic Cloud
  1171 | D:1      | Learned a level 2 spell: Call Imp
  1175 | D:1      | Learned a level 2 spell: Blink
  1938 | D:2      | Reached skill level 1 in Fighting
  1968 | D:2      | Reached skill level 1 in Armour
  2446 | D:3      | Noticed Sigmund
  2467 | D:3      | Killed Sigmund
  2468 | D:3      | Reached skill level 5 in Conjurations
  2468 | D:3      | Reached XP level 4. HP: 18/25 MP: 11/13
  2468 | D:3      | Reached XP level 5. HP: 21/29 MP: 11/14
  2477 | D:3      | Noticed Ijyb
  2503 | D:3      | Killed Ijyb
  2605 | D:3      | Found a broken altar of Ashenzari.
  2720 | D:3      | Reached XP level 6. HP: 34/34 MP: 12/16
  2840 | D:3      | Found a hazy altar of Hepliaklqana.
  3218 | D:3      | Found a runed translucent door.
  3219 | D:3      | Noticed Crazy Yiuf
  3227 | D:3      | Slain by Crazy Yiuf

Illustrated notes

Levels and vault maps discovered:
D:1:      spicycebolla_arrival_risky_transporter, layout_basic,
          shapermc_ecumenical_altar_gd
D:2:      layout_rooms, serial_curves, eino_curves_03, eino_curves_02,
          eino_curves_04
D:3:      layout_basic, ashenzari_conservatory_becter,
          mainiacjoe_overflow_six_doors_small, minmay_misc_feat_room,
          uniq_sigmund, uniq_ijyb, uniq_crazy_yiuf_cottage

Skill      XL: |  1  2  3 |
---------------+----------+-----
Spellcasting   | 5 |  5.6
Conjurations   | 5 |  5.2
Fighting       | 1 |  1.0
Armour         | 1 |  1.0
Dodging        | |  2.4
Stealth        | |  2.4
Summonings     | |  1.1
Translocations | |  1.1
Fire Magic     | |  0.5
Air Magic      | |  0.3
Poison Magic   | |  0.6
Evocations     | |  0.4

Action                     |  1- 3 |  4- 6 || total
---------------------------+-------+-------++-------
  Melee: Dagger            |    48 |    17 ||    65
   Cast: Magic Dart        |   103 |    17 ||   120
         Mephitic Cloud    |     1 |     2 ||     3
         Call Imp          |       |     2 ||     2
   Stab: Sleeping          |     1 |       ||     1
         Confused          |     2 |     2 ||     4
 Armour: Robe              |    32 |     7 ||    39
  Dodge: Dodged            |    40 |     8 ||    48

Table legend: (Time is in decaauts)
 A = Elapsed time spent in this place.
 B = Non-inter-level travel time spent in this place.
 C = Inter-level travel time spent in this place.
 D = Time resting spent in this place.
 E = Time spent auto-exploring this place.
 F = Levels seen in this place.
 G = Mean time per level.
                   A        B        C        D        E       F      G
               +--------+--------+--------+--------+--------+-----+--------+
         Total |   3226 |   3078 |    148 |      6 |   2717 |   3 | 1075.3 |
       Dungeon |   3226 |   3078 |    148 |      6 |   2717 |   3 | 1075.3 |
               +--------+--------+--------+--------+--------+-----+--------+

Top non-repeatable levels by time:
     D:1: 1561 daAuts
     D:3: 1001 daAuts
     D:2: 664 daAuts
